Map: Catalisador LE

Players

FightinTitan

  • Race: Protoss Protoss
  • Spawn Location: 5:00

IagoAbreu - Winner!

  • Race: Zerg Zerg
  • League: Gold
  • Spawn Location: 11:00

VOD

Have the link to the VOD?

Description

Time

  • Played on: April 1, 2018, 1:48 p.m.
  • Length: 15:34
Show
View Real Time Build Order
Export as new Build Order

FightinTitan Protoss 

Build Orders:  

Get SALT Encoding   

  12  0:08  Probe  
  13  0:21  Probe  
  14  0:22  Assimilator  
  14  0:31  Assimilator  
  14  0:34  Probe  
  15  0:56  Pylon  
  15  1:14  Probe  
  16  1:26  Probe  
  17  1:33  Gateway  
  17  1:38  Probe  
  18  1:45  Forge  
  18  1:59  Nexus  
  18  2:07  Pylon  
  18  2:30  Photon Cannon  
  18  2:37  Photon Cannon  
  18  2:53  Probe  
  19  3:04  Cybernetics Core  
  19  3:05  Probe  
  20  3:20  Photon Cannon  
  20  3:23  Probe  
  21  3:35  Assimilator, Probe  
  22  3:47  Probe  
  23  3:57  Stargate  
  23  3:59  Probe  
  24  4:11  Probe  
  24  4:12  Pylon  
  25  4:23  Probe  
  26  4:35  Photon Cannon  
  26  4:36  Probe  
  27  4:42  Photon Cannon  
  27  4:48  Probe  
  27  4:50  Photon Cannon  
  28  4:53  Pylon  
  28  5:00  Probe  
  28  5:06  Photon Cannon  
  29  5:13  Photon Cannon  
  29  5:34  Fleet Beacon  
  29  5:43  Probe  
  30  5:55  Probe  
  31  6:07  Probe  
  32  6:32  Fleet Beacon  
  32  6:37  Fleet Beacon  
  32  6:47  Fleet Beacon  
  32  6:53  Probe  
  33  7:05  Probe  
  34  7:09  Photon Cannon  
  34  7:17  Probe  
  34  7:20  Photon Cannon  
  35  7:28  Carrier  
  32  7:38  Stargate  
  32  7:45  Stargate  
  32  7:49  Stargate  
  32  7:58  Photon Cannon  
  32  8:05  Probe  
  33  8:17  Probe  
  34  8:20  Photon Cannon  
  34  8:32  Photon Cannon  
  34  8:44  Probe  
  35  8:54  Carrier  
  41  8:56  Probe  
  42  9:29  Carrier  
  48  9:54  Pylon  
  48  9:56  Probe  
  49  10:09  Probe  
  49  10:12  Carrier  
  56  10:18  Photon Cannon  
  56  10:27  Nexus  
  56  10:49  Photon Cannon  
  56  11:11  Carrier  
  62  11:20  Assimilator  
  62  11:38  Carrier x2  
  74  11:40  Probe  
  75  11:49  Pylon  
  75  12:08  Probe  
  76  12:15  Carrier  
  76  12:20  Probe  
  83  12:32  Probe  
  83  12:36  Photon Cannon  
  84  12:44  Assimilator, Probe  
  85  13:07  Pylon  
  85  13:20  Pylon  
  85  13:25  Probe  
  85  13:26  Pylon  
  86  13:34  Carrier  
  86  13:38  Probe, Carrier  
  99  13:50  Probe  
Show
View Real Time Build Order
Export as new Build Order

IagoAbreu Zerg - Winner!

Build Orders: Pool First, Swarm Host 

Get SALT Encoding   

  12  0:02  Drone  
  13  0:09  Drone  
  14  0:18  Overlord  
  14  0:34  Spawning Pool  
  13  0:38  Drone  
  13  0:41  Drone  
  15  0:48  Drone  
  16  0:50  Drone  
  17  0:57  Extractor  
  17  1:00  Extractor  
  17  1:01  Drone  
  16  1:11  Drone  
  17  1:21  Queen  
  17  1:25  Drone  
  20  1:33  Drone  
  21  1:48  Drone  
  21  1:52  Metabolic Boost  
  22  1:56  Overlord  
  22  2:14  Queen  
  24  2:19  Hatchery  
  24  2:20  Drone  
  24  2:26  Drone  
  24  2:29  Drone  
  26  2:36  Zergling x4  
  28  2:42  Drone  
  29  2:50  Drone, Evolution Chamber  
  29  3:04  Zergling x2  
  29  3:05  Overlord  
  30  3:07  Overlord  
  30  3:18  Zerg Melee Weapons Level 1  
  30  3:24  Zergling x4  
  32  3:45  Extractor  
  31  3:49  Drone x6  
  37  4:07  Zergling x8  
  42  4:10  Zergling x6  
  44  4:28  Zergling x2  
  44  4:29  Zergling x4  
  47  4:39  Baneling Nest  
  47  4:41  Lair  
  47  4:42  Burrow  
  46  4:58  Zergling x10  
  46  4:59  Zergling x2  
  52  5:00  Overlord  
  52  5:30  Drone  
  52  5:31  Drone x7  
  52  5:32  Overlord  
  60  5:41  Baneling  
  60  5:42  Baneling x7  
  60  5:43  Baneling x4  
  60  6:06  Pneumatized Carapace  
  60  6:10  Centrifical Hooks  
  60  6:12  Zerg Melee Weapons Level 2  
  60  6:20  Overseer  
  60  6:43  Overlord  
  60  6:44  Zergling x14  
  60  6:45  Zergling x2  
  60  6:46  Overlord x6  
  48  8:00  Zergling x8  
  48  8:01  Zergling x14  
  48  8:02  Zergling x2  
  59  8:14  Hatchery  
  59  8:16  Queen x2  
  62  8:20  Zergling x4  
  62  8:25  Hatchery  
  63  9:03  Spire  
  62  9:54  Zergling x8  
  62  9:55  Zergling x14  
  62  9:56  Zergling x10  
  62  9:57  Zergling x6  
  62  9:58  Zergling x4  
  83  10:11  Drone x2  
  85  10:16  Corruptor x2  
  85  10:17  Corruptor x4  
  85  10:21  Zerg Flyer Weapons Level 1  
  97  10:36  Baneling x4  
  97  10:37  Baneling x5  
  97  10:38  Baneling  
  97  10:47  Extractor  
  96  10:57  Corruptor x4  
  96  10:58  Corruptor x3  
  96  11:01  Zergling x8  
  96  11:02  Zergling x8  
  96  11:03  Overlord x2  
  118  11:47  Infestation Pit  
  118  11:51  Zerg Ground Armor Level 1  
  117  11:59  Corruptor x2  
  123  12:01  Zergling x10  
  123  12:02  Zergling x10  
  131  12:13  Extractor  
  131  12:14  Extractor  
  129  12:17  Drone x4  
  129  12:21  Corruptor  
  129  12:22  Corruptor x2  
  137  12:23  Zergling x4  
  141  12:57  Overlord  
  141  12:58  Overlord x3  
  141  13:01  Swarm Host  
  141  13:03  Overlord x4  
  144  13:07  Hive  
  144  13:35  Swarm Host x4, Infestor  
  144  13:36  Zergling x6, Corruptor  
  144  13:38  Zergling x14  
  170  13:46  Overseer x2  
  126  14:41  Corruptor x5  
  126  14:42  Corruptor  
Tags
 
Composition
Swarm Host
League
Gold
Matchup
PvZ
Opening
Pool First
Spawn Locations
Cross Positions
Add a new tag
Caveats
  • Supply blocks, unpowered buildings, or Contaminate may cause inaccurate times.
  • Supply counts are checked every 10 seconds.